PL
VANCOUVER GREY WOLVES @ D.C. DIVIDED
09/05/2034
 
TOP OF THE 1ST
Vancouver Grey Wolves batting - Pitching for D.C. Divided : RHP Iván Vázquez
Pitching: RHP Iván Vázquez
Batting: RHB Urs van Munster 0-0: Called Strike
0-1: Ball
1-1: Foul Ball, location: 2F
1-2: Ball
2-2: Ball
3-2: Ground out 4-3 (Groundball, 4)
Batting: RHB Hugh Mungus 0-0: Ball
1-0: Ball
2-0: Ball
3-0: Base on Balls
Batting: LHB Johan Kroening 0-0: Ball
1-0: Ball
2-0: Swinging Strike
2-1: Foul Ball, location: 2F
2-2: Ball
3-2: Fielders Choice at 2nd, 4-6 (Groundball, 4)
Batting: RHB Iván Vega 0-0: Called Strike
0-1: Ball
1-1: Ball
2-1: Fielders Choice at 2nd, 6-4 (Groundball, 6)
Top of the 1st over - 0 runs, 0 hits, 0 errors, 1 left on base; Vancouver 0 - D.C. 0
BOTTOM OF THE 1ST
D.C. Divided batting - Pitching for Vancouver Grey Wolves : RHP Ray Skipworth
Pitching: RHP Ray Skipworth
Batting: RHB Arturo Rodríguez 0-0: Foul Ball, location: 2F
0-1: Swinging Strike
0-2: Strikes out swinging
Batting: RHB Ken Bone 0-0: Called Strike
0-1: Ball
1-1: Called Strike
1-2: Ball
2-2: Fly out, F1 (Line Drive, 13)
Batting: RHB José Torres 0-0: Ball
1-0: Called Strike
1-1: Foul Ball, location: 2F
1-2: Ground out 6-3 (Groundball, 6)
Bottom of the 1st over - 0 runs, 0 hits, 0 errors, 0 left on base; Vancouver 0 - D.C. 0
TOP OF THE 2ND
Vancouver Grey Wolves batting - Pitching for D.C. Divided : RHP Iván Vázquez
Batting: LHB Michael Malloy 0-0: Ball
1-0: Called Strike
1-1: Foul Ball, location: 2F
1-2: Ball
2-2: Ball
3-2: Fly out, F9 (Flyball, 89M)
Batting: RHB Ángelo Delgado 0-0: Ball
1-0: Foul Ball, location: 2F
1-1: Swinging Strike
1-2: Fly out, F3 (Popup, 3SF)
Batting: LHB Gerardo Ponce de Leon 0-0: Ball
1-0: Called Strike
1-1: Ground out 4-3 (Groundball, 4)
Top of the 2nd over - 0 runs, 0 hits, 0 errors, 0 left on base; Vancouver 0 - D.C. 0
BOTTOM OF THE 2ND
D.C. Divided batting - Pitching for Vancouver Grey Wolves : RHP Ray Skipworth
Batting: LHB Ryan Marken 0-0: Called Strike
0-1: Called Strike
0-2: Ball
1-2: Ball
2-2: Ball
3-2: Base on Balls
Batting: LHB Yao-pang Chiang 0-0: Ball
1-0: Swinging Strike
1-1: Ball
Wild Pitch!
Ryan Marken to second
2-1: Foul Ball, location: 2F
2-2: Foul Ball, location: 2F
2-2: Foul Ball, location: 2F
2-2: Foul Ball, location: 2F
2-2: Foul Ball, location: 2F
2-2: 2-RUN HOME RUN (Line Drive, 9D), Distance : 387 ft
Batting: RHB Amon-Ra St. Brown 0-0: Ball
1-0: TRIPLE (Line Drive, 8LXD)
Batting: RHB Oliver Aranda 0-0: Ball
1-0: Ball
2-0: Ball
3-0: 2-RUN HOME RUN (Flyball, 8LXD), Distance : 454 ft
Batting: RHB Brant Thigpen 0-0: Called Strike
0-1: Ball
1-1: Swinging Strike
1-2: Ball
2-2: Foul Ball, location: 2F
2-2: Ball
3-2: Strikes out swinging
Batting: RHB Sinclair Bothof 0-0: Foul Ball, location: 2F
0-1: Ground out 5-3 (Groundball, 56)
Batting: RHB Arturo Rodríguez 0-0: SINGLE (Line Drive, 6MD)
Batting: RHB Ken Bone 0-0: Called Strike
0-1: Foul Ball, location: 2F
0-2: Foul Ball, location: 2F
0-2: Ball
1-2: Ball
Arturo Rodríguez steals 2nd base
2-2: Foul Ball, location: 2F
2-2: DOUBLE (Line Drive, 78D)
Arturo Rodríguez scores
Batting: RHB José Torres 0-0: DOUBLE (Line Drive, 78D)
Ken Bone scores
Batting: LHB Ryan Marken 0-0: Ball
1-0: Ground out 4-3 (Groundball, 4MD)
Bottom of the 2nd over - 6 runs, 6 hits, 0 errors, 1 left on base; Vancouver 0 - D.C. 6
TOP OF THE 3RD
Vancouver Grey Wolves batting - Pitching for D.C. Divided : RHP Iván Vázquez
Batting: LHB Michael Ward 0-0: Fly out, F7 (Line Drive, 7)
Batting: RHB José de la Cavallería 0-0: Called Strike
0-1: Ball
1-1: Ball
2-1: Ball
3-1: Base on Balls
Batting: RHB Urs van Munster 0-0: Ball
1-0: Swinging Strike
1-1: Ground out U3 (Groundball, 34S)
José de la Cavallería to second
Batting: RHB Hugh Mungus 0-0: Called Strike
0-1: Ball
1-1: DOUBLE (Line Drive, 7LD)
José de la Cavallería scores
Batting: LHB Johan Kroening 0-0: Fly out, F9 (Line Drive, 9S)
Top of the 3rd over - 1 run, 1 hit, 0 errors, 1 left on base; Vancouver 1 - D.C. 6
BOTTOM OF THE 3RD
D.C. Divided batting - Pitching for Vancouver Grey Wolves : RHP Ray Skipworth
Batting: LHB Yao-pang Chiang 0-0: Ball
1-0: Swinging Strike
1-1: Called Strike
1-2: Strikes out swinging
Batting: RHB Amon-Ra St. Brown 0-0: Foul Ball, location: 2F
0-1: Ground out 4-3 (Groundball, 4M)
Batting: RHB Oliver Aranda 0-0: Ground out 6-3 (Groundball, 6)
Bottom of the 3rd over - 0 runs, 0 hits, 0 errors, 0 left on base; Vancouver 1 - D.C. 6
TOP OF THE 4TH
Vancouver Grey Wolves batting - Pitching for D.C. Divided : RHP Iván Vázquez
Batting: RHB Iván Vega 0-0: SINGLE (Groundball, 56D)
Batting: LHB Michael Malloy 0-0: Ball
1-0: Ball
2-0: Called Strike
2-1: Ball
3-1: Foul Ball, location: 2F
3-2: SINGLE (Flyball, 7S)
Iván Vega to second
Batting: RHB Ángelo Delgado 0-0: DOUBLE (Flyball, 78D)
Iván Vega scores
Michael Malloy to third
Batting: LHB Gerardo Ponce de Leon 0-0: Ground out 4-3 (Groundball, 4)
Michael Malloy scores
Ángelo Delgado to third
Batting: LHB Michael Ward 0-0: Ball
1-0: Reached on error, E4 (Groundball, 4)
Ángelo Delgado scores
Batting: RHB José de la Cavallería 0-0: Called Strike
Michael Ward steals 2nd base
0-1: Ball
1-1: Ball
Michael Ward steals 3rd base
2-1: Ball
3-1: Called Strike
3-2: Foul Ball, location: 2F
3-2: Ground out 5-3 (Groundball, 56)
Michael Ward scores
Batting: RHB Urs van Munster 0-0: Ball
1-0: Foul Ball, location: 2F
1-1: Ball
2-1: Fly out, F9 (Flyball, 9)
Top of the 4th over - 4 runs, 3 hits, 1 error, 0 left on base; Vancouver 5 - D.C. 6
BOTTOM OF THE 4TH
D.C. Divided batting - Pitching for Vancouver Grey Wolves : RHP Ray Skipworth
Batting: RHB Brant Thigpen 0-0: Called Strike
0-1: Ball
1-1: Ball
2-1: Called Strike
2-2: Strikes out swinging
Batting: RHB Sinclair Bothof 0-0: Ball
1-0: Swinging Strike
1-1: Swinging Strike
1-2: Ground out 4-3 (Groundball, 6MS)
Batting: RHB Arturo Rodríguez 0-0: Ball
1-0: Called Strike
1-1: Ball
2-1: Foul Ball, location: 2F
2-2: Foul Ball, location: 2F
2-2: Ground out 6-3 (Groundball, 6)
Bottom of the 4th over - 0 runs, 0 hits, 0 errors, 0 left on base; Vancouver 5 - D.C. 6
TOP OF THE 5TH
Vancouver Grey Wolves batting - Pitching for D.C. Divided : RHP Iván Vázquez
Batting: RHB Hugh Mungus 0-0: Foul Ball, location: 2F
0-1: Swinging Strike
0-2: Ball
1-2: Strikes out looking
Batting: LHB Johan Kroening 0-0: Called Strike
0-1: SINGLE (Line Drive, 8RS)
Pitching: LHP Bobby Ruegsegger
Batting: RHB Iván Vega 0-0: Ball
1-0: Ball
2-0: Called Strike
2-1: Ball
3-1: Base on Balls
Johan Kroening to second
Batting: LHB Michael Malloy 0-0: Ball
1-0: SINGLE (Groundball, 4MD)
Johan Kroening to third
Iván Vega to second
Runner from 3rd tries for Home, SAFE, no throw
Batting: RHB Ángelo Delgado 0-0: Ball
1-0: Ball
2-0: Grounds into double play, 4-6-3 (Groundball, 4)
Top of the 5th over - 1 run, 2 hits, 0 errors, 1 left on base; Vancouver 6 - D.C. 6
BOTTOM OF THE 5TH
D.C. Divided batting - Pitching for Vancouver Grey Wolves : RHP Ray Skipworth
Batting: RHB Ken Bone 0-0: Ball
1-0: Called Strike
1-1: Ground out 6-3 (Groundball, 6)
Batting: RHB José Torres 0-0: Foul Ball, location: 2F
0-1: Ball
1-1: Ball
2-1: Ball
3-1: SINGLE (Groundball, 4MD)
Pitching: RHP Roy Shively
Batting: LHB Ryan Marken 0-0: Ball
1-0: Ball
2-0: Ball
3-0: Base on Balls
José Torres to second
Batting: LHB Yao-pang Chiang 0-0: Called Strike
0-1: Called Strike
0-2: Ball
1-2: Foul Ball, location: 2F
1-2: Ball
2-2: SINGLE (Groundball, 4MD)
José Torres to third
Ryan Marken to second
Runner from 3rd tries for Home, SAFE, no throw
Batting: RHB Amon-Ra St. Brown 0-0: Ball
Ryan Marken is caught stealing 3rd base
1-0: Fly out, F7 (Line Drive, 7S)
Bottom of the 5th over - 1 run, 2 hits, 0 errors, 1 left on base; Vancouver 6 - D.C. 7
TOP OF THE 6TH
Vancouver Grey Wolves batting - Pitching for D.C. Divided : LHP Bobby Ruegsegger
Batting: LHB Gerardo Ponce de Leon 0-0: Ball
1-0: Ball
2-0: Fly out, F9 (Line Drive, 9)
Batting: LHB Michael Ward 0-0: Fly out, F6 (Popup, 6M)
Batting: RHB José de la Cavallería 0-0: Called Strike
0-1: Called Strike
0-2: Ball
1-2: Strikes out looking
Top of the 6th over - 0 runs, 0 hits, 0 errors, 0 left on base; Vancouver 6 - D.C. 7
BOTTOM OF THE 6TH
D.C. Divided batting - Pitching for Vancouver Grey Wolves : RHP Roy Shively
Batting: RHB Oliver Aranda 0-0: Called Strike
0-1: Ball
1-1: Swinging Strike
1-2: Strikes out swinging
Batting: RHB Brant Thigpen 0-0: Ball
1-0: Called Strike
1-1: Swinging Strike
1-2: Ball
2-2: Ball
3-2: Base on Balls
Batting: RHB Sinclair Bothof 0-0: Ball
1-0: Called Strike
1-1: Called Strike
1-2: Ball
2-2: Strikes out swinging
Batting: RHB Arturo Rodríguez 0-0: Called Strike
0-1: Ball
1-1: Ball
2-1: Called Strike
2-2: Foul Ball, location: 2F
2-2: DOUBLE (Flyball, 8LD)
Brant Thigpen to third
Runner from 3rd tries for Home, SAFE, no throw
Batting: RHB Ken Bone 0-0: Ball
1-0: Fly out, F7 (Line Drive, 78M)
Bottom of the 6th over - 1 run, 1 hit, 0 errors, 1 left on base; Vancouver 6 - D.C. 8
TOP OF THE 7TH
Vancouver Grey Wolves batting - Pitching for D.C. Divided : LHP Bobby Ruegsegger
Batting: RHB Urs van Munster 0-0: Ball
1-0: Ground out 4-3 (Groundball, 4)
Batting: RHB Hugh Mungus 0-0: Called Strike
0-1: Swinging Strike
0-2: Strikes out swinging
Batting: LHB Johan Kroening 0-0: Ball
1-0: Ball
2-0: Ball
3-0: Base on Balls
Batting: RHB Iván Vega 0-0: Swinging Strike
0-1: Ball
1-1: Foul Ball, location: 2F
1-2: Ball
2-2: Strikes out swinging
Top of the 7th over - 0 runs, 0 hits, 0 errors, 1 left on base; Vancouver 6 - D.C. 8
BOTTOM OF THE 7TH
D.C. Divided batting - Pitching for Vancouver Grey Wolves : RHP Roy Shively
Batting: RHB José Torres 0-0: Foul Ball, location: 2F
0-1: Called Strike
0-2: Ball
1-2: Ball
2-2: SINGLE (Flyball, 9LM)
Batting: LHB Ryan Marken 0-0: Ball
1-0: Ball
2-0: Called Strike
2-1: SINGLE (Line Drive, 34)
José Torres to second
Batting: LHB Yao-pang Chiang 0-0: Foul Ball, location: 2F
0-1: Foul Ball, location: 2F
0-2: Grounds into double play, 4-6-3 (Groundball, 4)
José Torres to third
Batting: RHB Amon-Ra St. Brown 0-0: Ball
1-0: Ground out 1-3 (Groundball, 13S)
Bottom of the 7th over - 0 runs, 2 hits, 0 errors, 1 left on base; Vancouver 6 - D.C. 8
TOP OF THE 8TH
Vancouver Grey Wolves batting - Pitching for D.C. Divided : LHP Bobby Ruegsegger
Batting: LHB Michael Malloy 0-0: Called Strike
0-1: Ground out 5-3 (Groundball, 5)
Batting: RHB Ángelo Delgado 0-0: Ball
1-0: Ball
2-0: Called Strike
2-1: Ball
3-1: Called Strike
3-2: Fly out, F9 (Flyball, 9LS)
Batting: LHB Gerardo Ponce de Leon 0-0: Foul Ball, location: 2F
0-1: Foul Ball, location: 2F
0-2: Ball
1-2: Ball
2-2: Ball
3-2: Fly out, F7 (Flyball, 7LMF)
Top of the 8th over - 0 runs, 0 hits, 0 errors, 0 left on base; Vancouver 6 - D.C. 8
BOTTOM OF THE 8TH
D.C. Divided batting - Pitching for Vancouver Grey Wolves : RHP Roy Shively
Pitching: LHP Sjaak Bonne
Batting: RHB Oliver Aranda 0-0: Ball
1-0: Ground out 6-3 (Groundball, 6)
Batting: RHB Brant Thigpen 0-0: Ball
1-0: Ball
2-0: Foul Ball, location: 2F
2-1: Ball
3-1: Base on Balls
Batting: RHB Sinclair Bothof 0-0: Ball
1-0: Grounds into double play, 4-6-3 (Groundball, 4)
Bottom of the 8th over - 0 runs, 0 hits, 0 errors, 0 left on base; Vancouver 6 - D.C. 8
TOP OF THE 9TH
Vancouver Grey Wolves batting - Pitching for D.C. Divided : LHP Bobby Ruegsegger
Pitching: RHP Roberto Silva
Batting: LHB Michael Ward 0-0: Ground out 4-3 (Groundball, 4S)
Batting: RHB José de la Cavallería 0-0: Called Strike
0-1: Fly out, F5 (Line Drive, 5L)
Batting: RHB Urs van Munster 0-0: Ball
1-0: Ground out 5-3 (Groundball, 5)
Top of the 9th over - 0 runs, 0 hits, 0 errors, 0 left on base; Vancouver 6 - D.C. 8
Friday, March 29th, 2019 - OOTP Baseball 18.8 Build 76